 Dungeon Crawl Stone Soup version 0.27-a0-1065-ge809cff456 (webtiles) character file.

Game seed: 7065599308912406655

351 flotson the Magician (level 6, 30/52 HPs)
             Began as a Deep Dwarf Wanderer on Apr 22, 2021.
             Was a Believer of Vehumet.
             Quit the game on level 4 of the Dungeon.
             The game lasted 00:08:47 (2755 turns).

flotson the Magician (Deep Dwarf Wanderer)          Turns: 2755, Time: 00:08:47

Health: 30/52      AC:  5    Str: 16    XL:     6   Next: 34%
Magic:  11/11      EV: 15    Int: 12    God:    Vehumet [**....]
Gold:   179        SH:  0    Dex: 14    Spells: 9/12 levels left

rFire    . . .     SeeInvis .   a - +0 spear (venom)
rCold    . . .     Faith    .   (no shield)
rNeg     . . .     Spirit   .   d - +0 robe
rPois    .         Reflect  .   e - +0 helmet
rElec    .         Harm     .   j - +1 cloak
rCorr    .         Rampage  .   (no gloves)
Will     .....                  (no boots)
Stlth    ++........             (no amulet)
HPRegen  0.00/turn              n - +4 ring of evasion
MPRegen  0.12/turn              (no ring)

@: non-regenerating
A: damage resistance, heal wounds, sense surroundings 1, no regeneration
a: Heal Wounds, Renounce Religion


You were on level 4 of the Dungeon.
You worshipped Vehumet.
Vehumet was pleased with you.
You visited 1 branch of the dungeon, and saw 4 of its levels.

You collected 179 gold pieces.

Inventory:

Hand Weapons
 a - a +0 spear of venom (weapon)
Missiles
 v - 6 boomerangs
 x - 8 poisoned darts (quivered)
Armour
 c - a +0 buckler
 d - a +0 robe (worn)
 e - a +0 helmet (worn)
 j - a +1 cloak (worn)
 r - a +2 tower shield
Jewellery
 l - a ring of ice
 n - a +4 ring of evasion (left hand)
 p - a ring of flight
Scrolls
 b - a scroll of holy word {unknown}
 f - a scroll of brand weapon {unknown}
 g - a scroll of teleportation {unknown}
 h - 3 scrolls of magic mapping {unknown}
 i - 4 scrolls of identify {unknown}
 k - a scroll of vulnerability {unknown}
 o - a scroll of summoning {unknown}
 s - a scroll of immolation {unknown}
 w - a scroll of fear {unknown}
Potions
 m - 2 potions of brilliance {unknown}
 q - a potion of heal wounds {unknown}
 t - 2 potions of flight {unknown}
 u - 2 potions of lignification {unknown}
 z - a potion of curing {unknown}


   Skills:
 + Level 1.7 Fighting
 - Level 1.0 Throwing
 + Level 2.4 Armour
 - Level 2.0 Stealth
 + Level 3.5 Spellcasting
 + Level 2.1 Conjurations
 + Level 2.7 Transmutations
 + Level 2.1 Ice Magic
 + Level 1.8 Air Magic


You had 9 spell levels left.
You knew the following spells:

 Your Spells              Type           Power      Damage    Failure   Level
a - Shock                 Conj/Air       24%        1d4       11%         1
b - Foxfire               Conj/Fire      16%        2x1d4     16%         1
c - Apportation           Tloc           4%         N/A       24%         1

Your spell library contained the following spells:

 Spells                   Type           Power      Damage    Failure   Level
 Conjure Flame            Conj/Fire      4%         6-21      41%         3
 Static Discharge         Conj/Air       6%         N/A       16%         2
 Ensorcelled Hibernation  Hex/Ice        8%         N/A       22%         2
 Corona                   Hex            2%         N/A       24%         1
 Sandblast                Erth           4%         2d4       24%         1
 Swiftness                Air            6%         N/A       32%         3
 Dazzling Flash           Conj/Hex       8%         N/A       41%         3
 Stone Arrow              Conj/Erth      8%         3d7       41%         3
 Confusing Touch          Hex            2%         N/A       56%         3
 Gell's Gravitas          Tloc           1%         N/A       56%         3
 Tukima's Dance           Hex            2%         N/A       56%         3
 Airstrike                Air            3%         N/A       71%         4
 Lightning Bolt           Conj/Air       3%         1d14      96%         5


Dungeon Overview and Level Annotations

Branches:
Dungeon (4/15)
 Temple: D:4-7

Altars:
Nemelex Xobeh
Qazlal
Vehumet


Innate Abilities, Weirdness & Mutations

You are resistant to damage.
You can heal yourself by infusing magical energy.
You passively map a small area around you.
You do not regenerate.


Message History

You now have 130 gold pieces (gained 6).
z - a bubbling blue potion
Found 16 arrows.
h - 3 scrolls labelled VUREMAA XUEG (gained 1)
You now have 145 gold pieces (gained 15).
A ball python comes into view.
You hit the ball python.
You kill the ball python!
Vehumet accepts your kill.
Vehumet offers you knowledge of Conjure Flame.
You now have 150 gold pieces (gained 5).
Found a club.
You see here a +0 club.
You now have 164 gold pieces (gained 14).
Found a stone staircase leading down.
Found 10 arrows.
You see here 10 arrows.
You now have 179 gold pieces (gained 15).
You enter the shallow water.
Moving in this stuff is going to be slow.
An endoplasm comes into view.
You reach to attack!
The helpless endoplasm fails to defend itself.
You hit the endoplasm.
The endoplasm is heavily wounded.
You hit the endoplasm.
The endoplasm is almost dead.
The endoplasm freezes you.
You are frozen.
You hit the endoplasm but do no damage.
The endoplasm is poisoned.
The endoplasm is almost dead.
The endoplasm barely misses you.
You hit the endoplasm.
You kill the endoplasm!
Vehumet accepts your kill.
No target in view!
No target in view!
No target in view!
No target in view!
Are you sure you want to abandon this character and quit the game? (Confirm with "yes".)

...###≈PP≈≈≈≈≈* ,* * ,
..##P≈≈♣ ♣P≈≈## *
**#.##.P≈♣ ♣≈≈.# ,
##.##P≈♣♣ ♣≈≈P# , , ,
#!....≈≈♣♣♣♣≈≈P#####
,#####..##≈≈≈♣♣≈♣≈P......
* *
#.......##PP≈P≈P≈P...###
...#####.###...≈≈###..###
. #@# ##.P..###..#.. *,*
#.# ###(........# ^ , *
#.# #.##.#..... , ***#.#
#.##.##.### , ..#
#.<.....# ,
########.#.###.# , * . ,
#............### , ,
...###.###........#.. ,
,........##.#..##.##..


There were no monsters in sight!

Vanquished Creatures
  Grinder (D:3)
  A kobold brigand (D:4)
  An adder (D:3)
  3 worms (D:2)
  2 dart slugs
  3 orcs (D:3)
  5 ball pythons
  11 endoplasms
  2 giant cockroaches (D:2)
  3 goblins
  5 hobgoblins
  3 jackals (D:3)
  5 kobolds
  2 quokkas
  5 bats
  4 frilled lizards
  5 rats
61 creatures vanquished.

Vanquished Creatures (others)
  8 foxfires (D:1)
8 creatures vanquished.

Grand Total: 69 creatures vanquished

Notes
Turn   | Place    | Note
-------+----------+-------------------------------------------
     0 | D:1      | flotson the Deep Dwarf Wanderer began the quest for the
                  | Orb.
     0 | D:1      | flotson set off with the following items: a +0 club, a +0
                  | robe; and the following spells available to memorise:
                  | Shock, Apportation, Sandblast, Static Discharge, Swiftness,
                  | Stone Arrow, Gell's Gravitas, Airstrike, Lightning Bolt
     0 | D:1      | Reached XP level 1. HP: 15/15 MP: 4/4
     2 | D:1      | Learned a level 1 spell: Shock
    12 | D:1      | Found a faded altar of an unknown god.
    18 | D:1      | Became a worshipper of Vehumet
    18 | D:1      | Reached * piety under Vehumet
    18 | D:1      | Offered knowledge of Foxfire by Vehumet.
    21 | D:1      | Learned a level 1 spell: Foxfire
    23 | D:1      | Learned a level 1 spell: Apportation
   310 | D:1      | Reached XP level 2. HP: 20/22 MP: 1/5
   411 | D:1      | Reached skill level 3 in Spellcasting
   983 | D:2      | Offered knowledge of Magic Dart by Vehumet.
   984 | D:2      | Reached XP level 3. HP: 25/30 MP: 7/7
  1050 | D:2      | Reached ** piety under Vehumet
  1164 | D:2      | Reached skill level 1 in Armour
  1654 | D:3      | Noticed Grinder
  1669 | D:3      | Killed Grinder
  1670 | D:3      | Reached skill level 1 in Fighting
  1670 | D:3      | Reached XP level 4. HP: 18/38 MP: 9/9
  1670 | D:3      | Reached XP level 5. HP: 21/44 MP: 10/10
  2114 | D:3      | Found a stormy altar of Qazlal.
  2150 | D:3      | Reached XP level 6. HP: 47/51 MP: 11/11
  2222 | D:3      | Found a sparkling altar of Nemelex Xobeh.
  2630 | D:4      | Offered knowledge of Conjure Flame by Vehumet.
  2755 | D:4      | Quit the game

Illustrated notes

Levels and vault maps discovered:
D:1:      dpeg_arrival_radiant, layout_rooms, hellmonk_ecumenical_altar_run_dry,
          minmay_tetromino_l4
D:2:      layout_basic
D:3:      minmay_wonky_spiral, layout_loops_ring, marbit_many_paths,
          nicolae_overflow_hidden_temple, nemelex_diamond_rough_becter,
          uniq_grinder
D:4:      layout_loops_cross, trog_hazing_becter, general_overflow_altar,
          serial_bayou_pond_c, minmay_misc_feat_rows, roderic_filled_cross

Skill      XL: |  1  2  3  4  5 |
---------------+----------------+-----
Spellcasting   | 3 |  3.5
Transmutations | 2 |  2.7
Armour         | 2 |  2.4
Fighting       | 1 |  1.7
Stealth        | 2 |  2.0
Conjurations   | 2 |  2.1
Ice Magic      | 2 |  2.1
Throwing       | |  1.0
Air Magic      | |  1.8

Action                   |  1- 3 |  4- 6 || total
-------------------------+-------+-------++-------
Melee: Club              |    34 |       ||    34
       Spear             |    63 |    73 ||   136
 Cast: Foxfire           |    10 |       ||    10
       Shock             |    23 |       ||    23
 Abil: Heal Wounds       |       |     2 ||     2
 Stab: Sleeping          |     3 |     2 ||     5
Armor: Robe              |    17 |    12 ||    29
Dodge: Dodged            |    66 |    30 ||    96

Table legend: (Time is in decaauts)
 A = Elapsed time spent in this place.
 B = Non-inter-level travel time spent in this place.
 C = Inter-level travel time spent in this place.
 D = Time resting spent in this place.
 E = Time spent auto-exploring this place.
 F = Levels seen in this place.
 G = Mean time per level.
                   A        B        C        D        E       F      G
               +--------+--------+--------+--------+--------+-----+--------+
         Total |   2779 |   2717 |     62 |    322 |   1916 |   4 |  694.8 |
       Dungeon |   2779 |   2717 |     62 |    322 |   1916 |   4 |  694.8 |
               +--------+--------+--------+--------+--------+-----+--------+

Top non-repeatable levels by time:
     D:3: 1014 daAuts
     D:1: 975 daAuts
     D:2: 617 daAuts
     D:4: 172 daAuts
